Workbook

Sheet Rate History
B1: =INPUT!$C$3 -> Albemarle
B2: =INPUT!$D$11 -> RFP#<######>
B3: =INPUT!$C$23 -> Vision
B4: Rate History - Monthly Rates
B8: =INPUT!C16 -> Vision | E8: Enrollment | G8: =INPUT!D8 -> 46023 | H8: =EDATE(G8,-12) -> 45658 | I8: =EDATE(H8,-12) -> 45292 | J8: =EDATE(I8,-12) -> 44927
B9: =INPUT!$C$3 -> Albemarle
C10: Base ASO Fee | E10: =SUM(E19,E28,E37,E46) -> 0
E12: --
E13: =SUM(E19,E28,E37,E46) -> 0
C18: Plan Name
C19: TOTAL | E19: =SUM(E20:E25) -> 0
B20: Premiums | C20: =INPUT!$C$117 -> Subscriber Only
C21: =INPUT!$C$118 -> Subscriber + Spouse
C22: =INPUT!$C$119 -> Subscriber + Child
C23: =INPUT!$C$120 -> Subscriber + Child(ren)
C24: =INPUT!$C$121 -> Family
C25: =INPUT!$C$122 -> Medicare
C27: Plan Name
C28: TOTAL | E28: =SUM(E29:E34) -> 0
B29: Premiums | C29: =INPUT!$C$117 -> Subscriber Only
C30: =INPUT!$C$118 -> Subscriber + Spouse
C31: =INPUT!$C$119 -> Subscriber + Child
C32: =INPUT!$C$120 -> Subscriber + Child(ren)
C33: =INPUT!$C$121 -> Family
C34: =INPUT!$C$122 -> Medicare
C36: Plan Name
C37: TOTAL | E37: =SUM(E38:E43) -> 0
B38: Premiums | C38: =INPUT!$C$117 -> Subscriber Only
C39: =INPUT!$C$118 -> Subscriber + Spouse
C40: =INPUT!$C$119 -> Subscriber + Child
C41: =INPUT!$C$120 -> Subscriber + Child(ren)
C42: =INPUT!$C$121 -> Family
C43: =INPUT!$C$122 -> Medicare
C45: Plan Name
C46: TOTAL | E46: =SUM(E47:E52) -> 0
B47: Premiums | C47: =INPUT!$C$117 -> Subscriber Only
C48: =INPUT!$C$118 -> Subscriber + Spouse
C49: =INPUT!$C$119 -> Subscriber + Child
C50: =INPUT!$C$120 -> Subscriber + Child(ren)
C51: =INPUT!$C$121 -> Family
C52: =INPUT!$C$122 -> Medicare

Sheet INPUT
B1: Key: | C1: Internal Inputs (Bolton) | D1: Bidder Inputs | K1: Internal Instructions
K2: -Hide this worksheet before releasing to Market
B3: Group Name: | C3: Albemarle | D3: Group Abbreviation: | E3: <Abbreviation> | F3: Additional Group Name: | G3: <Other Group Name> | K3: -Password Protect Sheets esp. large responses to prevent too many large responses
B5: Sub-Groups: | C5: <Sub-group 1> | D5: <Sub-group 2> | E5: <Sub-group 3> | F5: <Sub-group 4> | G5: <Sub-group 5> | S5: TF | T5: Technical Proposal Form
S6: FF | T6: Financial Proposal Form
C7: Effective Date (MM/DD/YYY) | D7: Current YTD | E7: Prior Year 1 | F7: Prior Year 2 | S7: PF | T7: Price Proposal Form
B8: Plan Years: | C8: 46753 | D8: 46023 | E8: 1.1.2025 | F8: 45292
D10: Final For Reference
B11: RFP# | C11: <######> | D11: =B11&C11 -> RFP#<######>
B13: Proposal Form Type: | C13: Technical Proposal | D13: Price Proposal | K13: Internal Checklist:
F14: Rate Guarantee: | K14: Is everything printer friendly
B15: Benefit Coverage / Services: | F15: Years | K15: Group Name Changed
B16: Benefit Name 1 | C16: Vision | F16: 3 | G16: Three | K16: Worksheet Forms coordinate with name of Worksheet Tab Name
B17: Benefit Name 2 | F17: 3 | G17: Three | K17: Worksheet Form coordinates with table of contents and specific questions referencing Worksheet Form
B18: Benefit Name 3 | F18: 3 | G18: Three | K18: Sheets are protected
B19: Benefit Name 4 | F19: 3 | G19: Three
B20: Benefit Name 5 | F20: 3 | G20: Three | K20: Roboto Font?
B21: Benefit Name 6
B23: Final For Reference | C23: Vision | E23: Final For Reference | F23: =G16&" ("&F16&")"&" Years" -> Three (3) Years
B35: Applicable Coverages | C35: Proposal Form | D35: # | E35: Name | F35: Final For Reference (Worksheet Name) | G35: Worksheet Tab
B36: ~ | C36: ~ | D36: ~ | E36: ~ | F36: ~ | G36: ~
B37: ALL | C37: Technical | D37: 1.0 | E37: General Questionnaire | F37: =C37&" Proposal Form "&D37&" - "&E37 -> Technical Proposal Form 1.0 - General Questionnaire | G37: =LEFT(C37,1)&"F "&D37 -> TF 1.0
B38: ALL | C38: Technical | D38: 1.0 | E38: Client Specific Questionnaire | F38: =C38&" Proposal Form "&D38&" - "&E38 -> Technical Proposal Form 1.0 - Client Specific Questionnaire | G38: =LEFT(C38,1)&"F "&D38 -> TF 1.0
B39: ALL | C39: Financial | D39: 10.0 | E39: Performance Guarantees | F39: =C39&" Proposal Form "&D39&" - "&E39 -> Financial Proposal Form 10.0 - Performance Guarantees | G39: =LEFT(C39,1)&"F "&D39 -> FF 10.0
B40: ALL | C40: Technical | D40: 11.0 | E40: Deviations | F40: =C40&" Proposal Form "&D40&" - "&E40 -> Technical Proposal Form 11.0 - Deviations | G40: =LEFT(C40,1)&"F "&D40 -> TF 11.0
B41: ALL | C41: Technical | D41: 12.0 | E41: Key Differentiators | F41: =C41&" Proposal Form "&D41&" - "&E41 -> Technical Proposal Form 12.0 - Key Differentiators | G41: =LEFT(C41,1)&"F "&D41 -> TF 12.0
B42: ALL | C42: Technical | D42: 13.0 | E42: References | F42: =C42&" Proposal Form "&D42&" - "&E42 -> Technical Proposal Form 13.0 - References | G42: =LEFT(C42,1)&"F "&D42 -> TF 13.0
G43: =LEFT(C43,1)&"F "&D43 -> F
B44: VIS | C44: Technical | D44: 1.0 | E44: Vision Technical Questionnaire | F44: =C44&" Proposal Form "&D44&" - "&E44 -> Technical Proposal Form 1.0 - Vision Technical Questionnaire | G44: =LEFT(C44,1)&"F "&D44 -> TF 1.0
B45: VIS | C45: Technical | D45: 2.0 | E45: Vision Geo Access | F45: =C45&" Proposal Form "&D45&" - "&E45 -> Technical Proposal Form 2.0 - Vision Geo Access | G45: =LEFT(C45,1)&"F "&D45 -> TF 2.0
B46: VIS | C46: Technical | D46: 3.0 | E46: Vision Providers by County | F46: =C46&" Proposal Form "&D46&" - "&E46 -> Technical Proposal Form 3.0 - Vision Providers by County | G46: =LEFT(C46,1)&"F "&D46 -> TF 3.0
F47: =C47&" Proposal Form "&D47&" - "&E47 -> Proposal Form - | G47: =LEFT(C47,1)&"F "&D47 -> F
B48: VIS | C48: Technical | D48: 4.0 | E48: Top Vision Providers | F48: =C48&" Proposal Form "&D48&" - "&E48 -> Technical Proposal Form 4.0 - Top Vision Providers | G48: =LEFT(C48,1)&"F "&D48 -> TF 4.0
B49: VIS | C49: Technical | D49: 5.0 | E49: Proposed Vision Plan Design | F49: =C49&" Proposal Form "&D49&" - "&E49 -> Technical Proposal Form 5.0 - Proposed Vision Plan Design | G49: =LEFT(C49,1)&"F "&D49 -> TF 5.0
B50: VIS | C50: Technical | D50: 6.0 | E50: Large Retail Chains - Vision | F50: =C50&" Proposal Form "&D50&" - "&E50 -> Technical Proposal Form 6.0 - Large Retail Chains - Vision | G50: =LEFT(C50,1)&"F "&D50 -> TF 6.0
G51: =LEFT(C51,1)&"F "&D51 -> F
B52: VIS | C52: Financial | D52: 1.0 | E52: Vision Price Questionnaire | F52: =C52&" Proposal Form "&D52&" - "&E52 -> Financial Proposal Form 1.0 - Vision Price Questionnaire | G52: =LEFT(C52,1)&"F "&D52 -> FF 1.0
B53: VIS | C53: Financial | D53: 2.0 | E53: Administrative Services Only (ASO) Fees | F53: =C53&" Proposal Form "&D53&" - "&E53 -> Financial Proposal Form 2.0 - Administrative Services Only (ASO) Fees | G53: =LEFT(C53,1)&"F "&D53 -> FF 2.0
B54: VIS | C54: Financial | D54: 3.0 | E54: Vision Premium Equivalent Rates | F54: =C54&" Proposal Form "&D54&" - "&E54 -> Financial Proposal Form 3.0 - Vision Premium Equivalent Rates | G54: =LEFT(C54,1)&"F "&D54 -> FF 3.0
B55: VIS | C55: Financial | D55: 4.0 | E55: Vision Fully-Insured Premiums | F55: =C55&" Proposal Form "&D55&" - "&E55 -> Financial Proposal Form 4.0 - Vision Fully-Insured Premiums | G55: =LEFT(C55,1)&"F "&D55 -> FF 4.0
B56: VIS | C56: Financial | D56: 5.0 | E56: Top Vision CPT Pricing by Zip Codes | F56: =C56&" Proposal Form "&D56&" - "&E56 -> Financial Proposal Form 5.0 - Top Vision CPT Pricing by Zip Codes | G56: =LEFT(C56,1)&"F "&D56 -> FF 5.0
C57: Financial | D57: 6.0 | E57: Top CPT Pricing by Zip Codes (Retail) | F57: =C57&" Proposal Form "&D57&" - "&E57 -> Financial Proposal Form 6.0 - Top CPT Pricing by Zip Codes (Retail) | G57: =LEFT(C57,1)&"F "&D57 -> FF 6.0
C58: Financial | D58: 6.0 | E58: Top CPT Pricing by Zip Codes (Covered) | F58: =C58&" Proposal Form "&D58&" - "&E58 -> Financial Proposal Form 6.0 - Top CPT Pricing by Zip Codes (Covered) | G58: =LEFT(C58,1)&"F "&D58 -> FF 6.0
F59: =C59&" Proposal Form "&D59&" - "&E59 -> Proposal Form - | G59: =LEFT(C59,1)&"F "&D59 -> F
B100: For Geo Access Worksheet | D100: Top Zip Codes by Member Population
C101: 1 | D101: 2 | E101: 3 | F101: 4 | G101: 5 | H101: 6 | I101: 7
B102: County | C102: Albemarle | D102: Fluvana | E102: Greene | F102: Orange | G102: Waynesboro | H102: Nelson | I102: Augusta
B103: City | C103: Charolettesville | D103: Palmyra | E103: Ruckersville | F103: Barboursville | G103: Waynesboro | H103: Nellysford | I103: Verona
B104: State | C104: VA | D104: VA | E104: VA | F104: VA | G104: VA | H104: VA | I104: VA
B105: 3 digit zip codes | C105: 229 | D105: 229 | E105: 229 | F105: 229 | G105: 229 | H105: 229 | I105: 244
B106: Combined (City and State) | C106: =C103&", "&C104 -> Charolettesville, VA | D106: =D103&", "&D104 -> Palmyra, VA | E106: =E103&", "&E104 -> Ruckersville, VA | F106: =F103&", "&F104 -> Barboursville, VA | G106: =G103&", "&G104 -> Waynesboro, VA | H106: =H103&", "&H104 -> Nellysford, VA | I106: =I103&", "&I104 -> Verona, VA
B107: Combined (County and State) | C107: =C102&", "&C104 -> Albemarle, VA | D107: =D102&", "&D104 -> Fluvana, VA | E107: =E102&", "&E104 -> Greene, VA | F107: =F102&", "&F104 -> Orange, VA | G107: =G102&", "&G104 -> Waynesboro, VA | H107: =H102&", "&H104 -> Nelson, VA | I107: =I102&", "&I104 -> Augusta, VA
D111: Plan 1 | F111: Plan 2 | H111: Plan 3 | J111: Plan 4
C112: Current Plan Names | D112: BlueView Vision | F112: Vision Embedded | H112: Plan C | J112: Plan D
C113: Funding Arrangement | D113: Self-Insured | F113: Self-Insured | H113: Fully-Insured | J113: Fully-Insured
Q115: For Dropdown
B116: Totals | C116: Enrollment | D116: =C116 -> Enrollment | F116: =D116 -> Enrollment | H116: =F116 -> Enrollment | J116: =H116 -> Enrollment | Q116: Coverage Tiers
C117: Subscriber Only | D117: 1466 | E117: Subscriber Only | F117: 1729 | G117: Subscriber Only | H117: <Enter #> | I117: Subscriber Only | J117: <Enter #> | Q117: Subscriber Only
C118: Subscriber + Spouse | D118: 326 | E118: Subscriber + Spouse | F118: 263 | G118: Subscriber + Spouse | H118: <Enter #> | I118: Subscriber + Spouse | J118: <Enter #> | Q118: Subscriber + Spouse
C119: Subscriber + Child | D119: 254 | E119: Subscriber + Child(ren) | F119: 378 | G119: Subscriber + Child | H119: <Enter #> | I119: Subscriber + Child | J119: <Enter #> | Q119: Subscriber + Child
C120: Subscriber + Child(ren) | D120: 192 | E120: Family | F120: 426 | G120: Subscriber + Child(ren) | H120: <Enter #> | I120: Subscriber + Child(ren) | J120: <Enter #> | Q120: Subscriber + Child(ren)
C121: Family | D121: 342 | F121: 494 | G121: Family | H121: <Enter #> | I121: Family | J121: <Enter #> | Q121: Family
C122: Medicare | D122: <Enter #> | F122: <Enter #> | G122: Medicare | H122: <Enter #> | I122: Medicare | J122: <Enter #> | Q122: Medicare
B124: =SUM(C124:K124) -> 5870 | D124: =SUM(D117:D123) -> 2580 | F124: =SUM(F117:F123) -> 3290 | H124: =SUM(H117:H123) -> 0 | J124: =SUM(J117:J123) -> 0
C126: CURRENT Rates | D126: =C126 -> CURRENT Rates | F126: =D126 -> CURRENT Rates | H126: =F126 -> CURRENT Rates | J126: =H126 -> CURRENT Rates
C127: =C117 -> Subscriber Only | E127: =E117 -> Subscriber Only | G127: =G117 -> Subscriber Only | I127: =I117 -> Subscriber Only
C128: =C118 -> Subscriber + Spouse | E128: =E118 -> Subscriber + Spouse | G128: =G118 -> Subscriber + Spouse | I128: =I118 -> Subscriber + Spouse
C129: =C119 -> Subscriber + Child | E129: =E119 -> Subscriber + Child(ren) | G129: =G119 -> Subscriber + Child | I129: =I119 -> Subscriber + Child
C130: =C120 -> Subscriber + Child(ren) | E130: =E120 -> Family | G130: =G120 -> Subscriber + Child(ren) | I130: =I120 -> Subscriber + Child(ren)
C131: =C121 -> Family | E131: =E121 -> 0 | G131: =G121 -> Family | I131: =I121 -> Family
C132: =C122 -> Medicare | E132: =E122 -> 0 | G132: =G122 -> Medicare | I132: =I122 -> Medicare
B136: For CPT Pricing Bidforms
B137: Top CPT costs by Zip Codes
C139: ZipCode | D139: 3-Digit Zip | E139: Final For Reference
B140: 1 | D140: =LEFT(C140,3)&"xx" -> xx | E140: =D140 -> xx
B141: 2 | D141: =LEFT(C141,3)&"xx" -> xx | E141: =D141 -> xx
B142: 3 | D142: =LEFT(C142,3)&"xx" -> xx | E142: =D142 -> xx
B143: 4 | D143: =LEFT(C143,3)&"xx" -> xx | E143: =D143 -> xx
B144: 5 | D144: =LEFT(C144,3)&"xx" -> xx | E144: =D144 -> xx
B145: 6 | D145: =LEFT(C145,3)&"xx" -> xx | E145: =D145 -> xx | F145: Referenced Bidforms, currently set up to account up to 6 zip-codes. Will need to expand columns if adding more.
B170: This section and below currently not used | D170: Plan 1 | F170: Plan 2 | H170: Plan 3 | J170: Plan 4
C171: Current Plan Names
C172: Funding Arrangement | D172: Self-Insured | F172: Self-Insured | H172: Fully-Insured | J172: Fully-Insured
Q174: For Dropdown
B175: Totals | C175: Enrollment | D175: =C175 -> Enrollment | F175: =D175 -> Enrollment | H175: =F175 -> Enrollment | J175: =H175 -> Enrollment | Q175: Coverage Tiers
C176: Subscriber Only | E176: Subscriber Only | G176: Subscriber Only | I176: Subscriber Only | Q176: Subscriber Only
C177: Subscriber + Spouse | E177: Subscriber + Spouse | G177: Subscriber + Spouse | I177: Subscriber + Spouse | Q177: Subscriber + Spouse
C178: Subscriber + Child | E178: Subscriber + Child(ren) | G178: Subscriber + Child | I178: Subscriber + Child | Q178: Subscriber + Child
C179: Subscriber + Child(ren) | E179: Family | G179: Subscriber + Child(ren) | I179: Subscriber + Child(ren) | Q179: Subscriber + Child(ren)
C180: Family | G180: Family | I180: Family | Q180: Family
C181: Medicare | G181: Medicare | I181: Medicare | Q181: Medicare
B183: =SUM(C183:K183) -> 0 | D183: =SUM(D176:D182) -> 0 | F183: =SUM(F176:F182) -> 0 | H183: =SUM(H176:H182) -> 0 | J183: =SUM(J176:J182) -> 0
C185: CURRENT Rates | D185: =C185 -> CURRENT Rates | F185: =D185 -> CURRENT Rates | H185: =F185 -> CURRENT Rates | J185: =H185 -> CURRENT Rates
C186: =C176 -> Subscriber Only | E186: =E176 -> Subscriber Only | G186: =G176 -> Subscriber Only | I186: =I176 -> Subscriber Only
C187: =C177 -> Subscriber + Spouse | E187: =E177 -> Subscriber + Spouse | G187: =G177 -> Subscriber + Spouse | I187: =I177 -> Subscriber + Spouse
C188: =C178 -> Subscriber + Child | E188: =E178 -> Subscriber + Child(ren) | G188: =G178 -> Subscriber + Child | I188: =I178 -> Subscriber + Child
C189: =C179 -> Subscriber + Child(ren) | E189: =E179 -> Family | G189: =G179 -> Subscriber + Child(ren) | I189: =I179 -> Subscriber + Child(ren)
C190: =C180 -> Family | E190: =E180 -> 0 | G190: =G180 -> Family | I190: =I180 -> Family
C191: =C181 -> Medicare | E191: =E181 -> 0 | G191: =G181 -> Medicare | I191: =I181 -> Medicare
B195: For CPT Pricing Bidforms
...

Sheet Instructions & Info
B1: =INPUT!$C$3 -> Albemarle
B2: =INPUT!$D$11 -> RFP#<######>
B3: =INPUT!$C$23 -> Vision
B4: Instructions
B6: Please Read:
B7: NOTICE: | C7: You must read these instructions in full and confirm you have read and understand them by entering your name and date in the appropriate fields at the bottom of this spreadsheet.
B8: Instructions: | C8: ="The following Proposal Forms in this workbook will be used to gather vendor responses in regards to your capabilities to provide the required services of this RFP to "&$B$1&". Your responses will be compared and evaluated against the other vendors' responses. " -> The following Proposal Forms in this workbook will be used to gather vendor responses in regards to your capabilities to provide the required services of this RFP to Albemarle. Your responses will be compared and evaluated against the other vendors' responses.
C9: Please do not modify the tabs. Modifying the tabs or layout may eliminate your company from consideration. Please do not: - Add or Delete Cells - Renumber or Add Questions - Delete Questions - If you cannot respond to a question please just note - 'No Response Available' or 'N/A'. Responses to questions should be brief and concise. 'Yes' or 'No' responses are encouraged when appropriate within the dropdown menu. The maximum amount of characters for a response is 500.
B10: Hold Harmless Agreement | C10: Vendor shall indemnify and hold harmless the Client, its respective directors, officers, employees (acting in the course of their employment, but not as claimants) and agents, against any and all liability or expense (including the cost of legal defense or settlement) which was caused by (vendor’s) negligent or intentional misconduct, breach of this Agreement, fraud, or its breach of fiduciary responsibility, related to or arising out of this Agreement or the Client’s role as employer or Plan sponsor. The party seeking indemnification under (a) above must notify the indemnifying party promptly in writing of any actual or threatened action, suit or proceeding to which it claims such indemnity applies. Failure to notify the indemnifying party shall be deemed a waiver of the right to seek indemnification. The party seeking indemnification may assume responsibility for the direction of its own defense at any time, including the right to settle or compromise any claim against it without the consent of the indemnifying party, provided that in doing so it shall be deemed to have waived its right to indemnification except in cases where the indemnifying party has declined to defend against the claim. The indemnification obligations of (vendor) shall terminate upon the expiration of the Agreement except as to any matter concerning which a claim has been asserted by notice to the other party at the time of such expiration or within 365 days after effective date of Agreement termination.
B11: RFP Information
B12: RFP Coverages: | C12: =INPUT!$C$23 -> Vision
B13: Effective Date for all Lines: | C13: =INPUT!$C$8 -> 46753
B14: Current Carrier(s): | C14: Coverage | D14: Carrier Name
C15: Vision | D15: Anthem
C16: HRIS / Benefits Administrator | D16: ADP
B17: Current Plans: | C17: BlueView Vision
B25: Proposed Plans: | C25: BlueView Vision
B33: Proposed Fee Guarantee: | C33: =INPUT!F23 -> Three (3) Years
B34: Notes:
B35: Current Commissions:
B36: Requested Commissions:
B37: RFP Timeline: | C37: Activity | D37: Date
C38: RFP Released
C39: Deadline to submit questions
C40: Addendum with responses released to vendors
C41: RFPs due
C42: Bidder interviews conducted (Optional)
C43: Evaluate Financial RFP Responses, Score and Select Finalists (if applicable) or winning Vendor
C44: Request BAFO (if applicable)
C45: BAFO Due (if applicable)
C46: Evaluate BAFO, Finalize Analysis and Recommendations (if applicable)
C47: Select Vendor
C48: Implementation (including Open Enrollment)
C49: Effective Date | D49: =INPUT!$C$8 -> 46753
B50: Provided Data: | C50: Current plan documents: SBC/SPD as applicable - separate attachment | D50: Separate Attachment
C51: Census | D51: Separate Attachment
C52: Enrollment data | D52: Separate Attachment
C53: Claims data | D53: Separate Attachment
C54: Large claims data | D54: Separate Attachment
C55: Disruption data | D55: Within this File
B56: Disclaimer & Intent to Bid: | C56: By entering my name and date below I am confirming my firm's intent to bid, that I have read the above instructions in full regarding providing responses to the Questions in this workbook, and completion of the proposal forms. I also confirm our firm understands the information provided in this Request for Proposal and all attachments is confidential and proprietary and will only be used to prepare a proposal response.
B57: Company:
B58: Name:
B59: Date:
B61: LIST YOUR PROPOSED NETWORK(S) FOR THE PROPOSED COVERAGES
B62: Primary:
B63: Secondary: (if offering)

Sheet REPRICING FILE
B1: =INPUT!$C$3 -> Albemarle
B2: =INPUT!$D$11 -> RFP#<######>
B3: =INPUT!$C$23 -> Vision
B4: Claims Repricing File
B6: Please complete the repricing excel file(s) that was sent separately from this bidforms workbook:
B7: .xlsb

Sheet TF 1.0 GENERAL Q
B1: =INPUT!$C$3 -> Albemarle
B2: =INPUT!$D$11 -> RFP#<######>
B3: =INPUT!$C$23 -> Vision
B4: =INPUT!F37 -> Technical Proposal Form 1.0 - General Questionnaire
B6: This Questionnaire is designed for you to answer specific questions regarding your organization and the services you are proposing. Please respond to these questions completely and accurately. Please choose from the drop down in the "Response" column when available and input your response in the "Additional Response" Section. Also provide attachments when applicable.
E8: Bidder Name | F8: ='Instructions & Info'!$C$57 -> 0
B10: # | C10: QUESTION | D10: ACTION | E10: RESPONSE | F10: ADDITIONAL RESPONSE | G10: Character Length
B11: ATTACHMENTS - Please provide the following as attachments to this technical RFP Response
B12: A | C12: Prepare a detailed schedule and time frame to implement this program by the effective date. Please indicate the implementation responsibilities of your organization and the client. Assume implementation will begin 120 days prior to the plan year effective date. | D12: Provide Attachment | E12: <Select One> | G12: =LEN(F12) -> 0
B13: B | C13: Attach a description of premium or administrative fee billing procedures. Include information on the timing of billing, billing-payment reconciliations and ability to provide for client self-billing. | D13: Provide Attachment | E13: <Select One> | G13: =LEN(F13) -> 0
B14: C | C14: Describe your criteria and process for network provider selection. | D14: Provide Attachment | E14: <Select One> | G14: =LEN(F14) -> 0
B15: ~ | C15: GENERAL QUESTIONS | G15: =LEN(F15) -> 0
B16: 1 | C16: Describe the ownership of your organization including any parent company and its location. | D16: Provide Response | E16: <Select One> | G16: =LEN(F16) -> 0
B17: =B16+1 -> 2 | C17: Will any services performed to support the client's plan be provided offshore? If yes, please describe and include location. | D17: Provide Response | E17: <Select One> | G17: =LEN(F17) -> 0
B18: =B17+1 -> 3 | C18: The client reserves the right to select independent auditors at any time with 90-day advanced notice. Net overpayments discovered during any audit must be refunded to the client regardless of whether the administrator can recoup payments from the employees and providers. Confirm you will comply with this request. | D18: Provide Response | E18: <Select One> | G18: =LEN(F18) -> 0
B19: =B18+1 -> 4 | C19: Is there a limit on the time period the client may request an audit (e.g. claims audits are limited to most recent prior two years from date of audit request)? | D19: Provide Response | E19: <Select One> | G19: =LEN(F19) -> 0
B20: =B19+1 -> 5 | C20: Regarding the client's data, describe how your company will use this data. Will any of the client data be shared with outside entities? Will you receive fees from anyone for use of this data? | D20: Provide Response | E20: <Select One> | G20: =LEN(F20) -> 0
B21: =B20+1 -> 6 | C21: Confirm ability to accept contract terms as outlined in shared sample contract as part of RFP release | D21: Provide Response | E21: <Select One> | G21: =LEN(F21) -> 0
B22: ~ | C22: COMPLIANCE/SECURITY | G22: =LEN(F22) -> 0
B23: =B21+1 -> 7 | C23: Are you planning any major technological changes (electronic or administrative) that you anticipate will provide significant value to the client in the next 24 months? Please provide details. | D23: Provide Response | E23: <Select One> | G23: =LEN(F23) -> 0
B24: =B23+1 -> 8 | C24: Has the claims department been audited by a third party for accuracy and/or security? | D24: Provide Response | E24: <Select One> | G24: =LEN(F24) -> 0
B25: =B24+1 -> 9 | C25: Is your organization in full compliance with all HIPAA regulations? | D25: Provide Response | E25: <Select One> | G25: =LEN(F25) -> 0
B26: ~ | C26: ACCOUNT/CLIENT SERVICE AND MANAGEMENT | G26: =LEN(F26) -> 0
B27: =B25+1 -> 10 | C27: Identify the Account Manager that will be assigned to the client. Include name, address, phone, title and role, as well as line of business if necessary. | G27: =LEN(F27) -> 0
C28: a. Name: | D28: Provide Response | E28: <Select One> | G28: =LEN(F28) -> 0
C29: b. Title: | D29: Provide Response | E29: <Select One> | G29: =LEN(F29) -> 0
C30: c. City/State: | D30: Provide Response | E30: <Select One> | G30: =LEN(F30) -> 0
C31: d. Phone: | D31: Provide Response | E31: <Select One> | G31: =LEN(F31) -> 0
C32: e. Email: | D32: Provide Response | E32: <Select One> | G32: =LEN(F32) -> 0
C33: f. Primary Role: | D33: Provide Response | E33: <Select One> | G33: =LEN(F33) -> 0
C34: g. How many accounts is the proposed team member responsible for? | D34: Provide Response | E34: <Select One> | G34: =LEN(F34) -> 0
B35: =B27+1 -> 11 | C35: Identify the Account Executive that will be assigned to the client. Include name, address, phone, title and role, as well as line of business if necessary. | G35: =LEN(F35) -> 0
C36: a. Name: | D36: Provide Response | E36: <Select One> | G36: =LEN(F36) -> 0
C37: b. Title: | D37: Provide Response | E37: <Select One> | G37: =LEN(F37) -> 0
C38: c. City/State: | D38: Provide Response | E38: <Select One> | G38: =LEN(F38) -> 0
C39: d. Phone: | D39: Provide Response | E39: <Select One> | G39: =LEN(F39) -> 0
C40: e. Email: | D40: Provide Response | E40: <Select One> | G40: =LEN(F40) -> 0
C41: f. Primary Role: | D41: Provide Response | E41: <Select One> | G41: =LEN(F41) -> 0
C42: g. How many accounts is the proposed team member responsible for? | D42: Provide Response | E42: <Select One> | G42: =LEN(F42) -> 0
C43: Please provide a full listing of proposed team members, inclusive of implementation, wellbeing, & member support | D43: Provide Response / Attachment | E43: <Select One> | G43: =LEN(F43) -> 0
B44: =B35+1 -> 12 | C44: How do you provide client support regarding changes in federal and state legislative events that require communication to their benefit plan participants? | D44: Provide Response | E44: <Select One> | G44: =LEN(F44) -> 0
B45: =B44+1 -> 13 | C45: Will you commit to have someone in attendance at a minimum of two times per year for Annual Open Enrollment and one other event as requested by the client? | D45: Provide Response | E45: <Select One> | G45: =LEN(F45) -> 0
B46: =B45+1 -> 14 | C46: Outline any additional enrollment support, engagement tools, limitation or restrictions and/or additional charges that apply. | D46: Provide Response | E46: <Select One> | G46: =LEN(F46) -> 0
B47: =B46+1 -> 15 | C47: Will you provide training to the client during implementation on your systems and reporting tools? | D47: Provide Response | E47: <Select One> | G47: =LEN(F47) -> 0
B48: =B47+1 -> 16 | C48: Will you agree to semi-annual meetings with the client to discuss plan performance, financial results, areas for improved savings, etc.? | D48: Provide Response | E48: <Select One> | G48: =LEN(F48) -> 0
B49: =B48+1 -> 17 | C49: Do you distribute client satisfaction surveys? If so, how often and what do you do with the results? Please provide a copy of the most recent member satisfaction survey and corporate results. | D49: Provide Response / Attachment | E49: <Select One> | G49: =LEN(F49) -> 0
B50: =B49+1 -> 18 | C50: Confirm which of the following capabilities you have to communicate with HR/Benefits staff via the Internet, specifically. Any additional costs associated with these services should be identified in your financial proposal. | G50: =LEN(F50) -> 0
C51: a. Enrollment/Eligibility update capabilities in real time | D51: Provide Response | E51: <Select One> | G51: =LEN(F51) -> 0
C52: b. View of detailed Member enrollment and eligibility records | D52: Provide Response | E52: <Select One> | G52: =LEN(F52) -> 0
C53: c. View of member claim status/EOBs | D53: Provide Response | E53: <Select One> | G53: =LEN(F53) -> 0
C54: d. Order ID Cards on behalf of members | D54: Provide Response | E54: <Select One> | G54: =LEN(F54) -> 0
C55: e. Email/chat with Customer Service/Claims Representatives | D55: Provide Response | E55: <Select One> | G55: =LEN(F55) -> 0
C56: f. Costs for services by provider and location (If applicable) | D56: Provide Response | E56: <Select One> | G56: =LEN(F56) -> 0
C57: g. General consumer health information | D57: Provide Response | E57: <Select One> | G57: =LEN(F57) -> 0
B58: =B50+1 -> 19 | C58: Confirm your ability to provide a custom microsite with the client-specific summaries, information about value added services, calculators, links to member portals, etc. | D58: Provide Response | E58: <Select One> | G58: =LEN(F58) -> 0
B59: ~ | C59: IMPLEMENTATION | G59: =LEN(F59) -> 0
B60: =B58+1 -> 20 | C60: Confirm you are able to implement the plan in 120 days and meet deadlines set forth in an agreed upon implementation schedule. | D60: Provide Response | E60: <Select One> | G60: =LEN(F60) -> 0
B61: =B60+1 -> 21 | C61: What is your timing for ID production for mailing prior to the effective plan year start date? | D61: Provide Response | E61: <Select One> | G61: =LEN(F61) -> 0
B62: =B61+1 -> 22 | C62: Confirm you are able to provide a custom microsite 45 days prior to effective date of contract | D62: Provide Response | E62: <Select One> | G62: =LEN(F62) -> 0
B63: =B62+1 -> 23 | C63: Confirm you are able to meet or exceed the client's subjective assessment of satisfaction with program implementation. | D63: Provide Response | E63: <Select One> | G63: =LEN(F63) -> 0
B64: 23 | C64: Confirm your ability to partner with the client's HRIS & Benefits Administration platforms | D64: Provide Response | E64: <Select One> | G64: =LEN(F64) -> 0
B65: ~ | C65: ELIGIBILITY/DATA | G65: =LEN(F65) -> 0
B66: =B64+1 -> 24 | C66: Provide a sample file layout and specifications | D66: Provide Attachment | E66: <Select One> | G66: =LEN(F66) -> 0
B67: =B66+1 -> 25 | C67: Identify the average number of business days required to update your eligibility system following receipt of “clean” data file from the client. How quickly is eligibility information available in the system once you receive it? | D67: Provide Response | E67: <Select One> | G67: =LEN(F67) -> 0
B68: =B67+1 -> 26 | C68: Confirm you agree to notify the client within 90-180 days of any required file spec changes, vendor pgp encryption code, file server changes, etc. (minor file spec changes within 90 days. Major file spec changes within 180 days). | D68: Provide Response | E68: <Select One> | G68: =LEN(F68) -> 0
B69: =B68+1 -> 27 | C69: Please describe your process for resolving eligibility discrepancies. | D69: Provide Response | E69: <Select One> | G69: =LEN(F69) -> 0
B70: =B69+1 -> 28 | C70: Can you provide real-time online eligibility access for the client to perform immediate emergency enrollment additions to the plan? If not, how will you handle urgent enrollments? | D70: Provide Response | E70: <Select One> | G70: =LEN(F70) -> 0
B71: =B70+1 -> 29 | C71: How long after a member is loaded into the real-time system are ID cards available? | D71: Provide Response | E71: <Select One> | G71: =LEN(F71) -> 0
B72: =B71+1 -> 30 | C72: Confirm that you have your own testing environment that allows the client to upload the eligibility file and see any errors before the file is moved into production | D72: Provide Response | E72: <Select One> | G72: =LEN(F72) -> 0
B73: =B72+1 -> 31 | C73: Are you willing to offer a performance guarantee structured around successful partnering/interface with the client's other program vendors (specific measure/guarantee to be determined during finalist interviews)? | D73: Provide Response | E73: <Select One> | G73: =LEN(F73) -> 0
B74: =B73+1 -> 32 | C74: Confirm that you will not charge fees for the provision of monthly raw claims and eligibility files to Bolton and/or its duly authorized subcontractors. | D74: Provide Response | E74: <Select One> | G74: =LEN(F74) -> 0
B75: =B74+1 -> 33 | C75: Confirm your willingness to partner with and/or exchange data with the client's other healthcare vendors, 3rd party Health Centers and 3rd party analytics platforms as necessary to maintain continuity among the plans offered by the client. | D75: Provide Response | E75: <Select One> | G75: =LEN(F75) -> 0
B76: =B75+1 -> 34 | C76: Confirm the client retains ownership of all health plan data including but not limited to information relating to claims and eligibility and enrollment information. | D76: Provide Response | E76: <Select One> | G76: =LEN(F76) -> 0
B77: =B76+1 -> 35 | C77: Confirm client retains final right as approver for all eligibility determinations. | D77: Provide Response | E77: <Select One> | G77: =LEN(F77) -> 0
B78: =B77+1 -> 36 | C78: Please share process and ability to support eligibility changes including over-age dependents & notification process for Medicare eligible. | D78: Provide Response | E78: <Select One> | G78: =LEN(F78) -> 0
B79: ~ | C79: CLAIMS ADJUDICATION | G79: =LEN(F79) -> 0
B80: =B78+1 -> 37 | C80: Confirm that your claims system is fully compliant with HITECH requirements to the HIPAA regulations. | D80: Provide Response | E80: <Select One> | G80: =LEN(F80) -> 0
B81: =B80+1 -> 38 | C81: Where will your organization process claims? | D81: Provide Response | E81: <Select One> | G81: =LEN(F81) -> 0
B82: =B81+1 -> 39 | C82: Describe how you identify duplicate claims. | D82: Provide Response | E82: <Select One> | G82: =LEN(F82) -> 0
B83: =B82+1 -> 40 | C83: What processes or programs do you have in place (other than network discounts) that identify and result in claims cost savings? (e.g. unbundling, passive/silent network, OON claims negotiations, special pricing etc.) | D83: Provide Response | E83: <Select One> | G83: =LEN(F83) -> 0
B84: =B83+1 -> 41 | C84: Describe procedures in place to detect fraud, waste, and abuse for claims paid by your organization. | D84: Provide Response | E84: <Select One> | G84: =LEN(F84) -> 0
B85: =B84+1 -> 42 | C85: Confirm members will not have to submit in-network claims for reimbursement. | D85: Provide Response | E85: <Select One> | G85: =LEN(F85) -> 0
B86: =B85+1 -> 43 | C86: Confirm all in-network providers submit claims electronically. | D86: Provide Response | E86: <Select One> | G86: =LEN(F86) -> 0
B87: =B86+1 -> 44 | C87: How often do you audit the accuracy of plan program pricing and overall adjudication accuracy? Describe how this will be shared with the client. Please provide the results of your most recent audit. | D87: Provide Response / Attachment | E87: <Select One> | G87: =LEN(F87) -> 0
B88: =B87+1 -> 45 | C88: Confirm coordination of benefits data is updated at least annually. | D88: Provide Response | E88: <Select One> | G88: =LEN(F88) -> 0
B89: =B88+1 -> 46 | C89: What is your average claims backlog (in days)? | D89: Provide Response | E89: <Select One> | G89: =LEN(F89) -> 0
B90: =B89+1 -> 47 | C90: How do you determine the allowances you will use for non-network claims? | D90: Provide Response | E90: <Select One> | G90: =LEN(F90) -> 0
B91: =B90+1 -> 48 | C91: Describe your claims review process and is there flexibility in terms of client input? | D91: Provide Response | E91: <Select One> | G91: =LEN(F91) -> 0
B92: =B91+1 -> 49 | C92: Please provide your most recent claims processing performance statistics for the claims office/staff that you are proposing for the client | D92: Provide Response | E92: <Select One> | G92: =LEN(F92) -> 0
C93: a. Claims processing turnaround time for clean claims (in working days) | D93: Provide Response | E93: <Select One> | G93: =LEN(F93) -> 0
C94: b. Financial Accuracy % | D94: Provide Response | E94: <Select One> | G94: =LEN(F94) -> 0
C95: c. Coding Accuracy % | D95: Provide Response | E95: <Select One> | G95: =LEN(F95) -> 0
C96: d. Overall Processing Accuracy % | D96: Provide Response | E96: <Select One> | G96: =LEN(F96) -> 0
C97: e. Auto Adjudication rate % | D97: Provide Response | E97: <Select One> | G97: =LEN(F97) -> 0
C98: f. Measurement period of above statistics (Should be most recent available) | D98: Provide Response | E98: <Select One> | G98: =LEN(F98) -> 0
B99: ~ | C99: CUSTOMER SERVICE | G99: =LEN(F99) -> 0
B100: =B92+1 -> 50 | C100: Confirm the customer service office supporting Albemarle County is located in the United States. | D100: Provide Response | E100: <Select One> | G100: =LEN(F100) -> 0
B101: =B100+1 -> 51 | C101: Will there be a different location for after-hours service? If so, where? | D101: Provide Response | E101: <Select One> | G101: =LEN(F101) -> 0
B102: =B101+1 -> 52 | C102: What are the hours available to speak with a “live” representative? | D102: Provide Response | E102: <Select One> | G102: =LEN(F102) -> 0
B103: =B102+1 -> 53 | C103: What resources are available in the event of an emergency for seeking care and approving care after hours? | D103: Provide Response | E103: <Select One> | G103: =LEN(F103) -> 0
...

Sheet TF 1.0 VIS Q
B1: =INPUT!$C$3 -> Albemarle
B2: =INPUT!$D$11 -> RFP#<######>
B3: =INPUT!$C$23 -> Vision
B4: =INPUT!F44 -> Technical Proposal Form 1.0 - Vision Technical Questionnaire
B6: This Questionnaire is designed for you to answer specific questions regarding your organization and the services you are proposing. Please respond to these questions completely and accurately. Please choose from the drop down in the "Response" column when available and input your response in the "Additional Response" Section. Also provide attachments when applicable.
E8: Bidder Name | F8: ='Instructions & Info'!$C$57 -> 0
B10: # | C10: QUESTION | D10: ACTION | E10: RESPONSE | F10: ADDITIONAL RESPONSE | G10: Character Length
B11: 1 | C11: Where will your organization process vision claims? | D11: Provide Response | E11: <Select One> | G11: =LEN(F11) -> 0
B12: ~ | C12: PLAN DESIGN | G12: =LEN(F12) -> 0
B13: =B11+1 -> 2 | C13: Confirm you can administer the current plan designs and any deviations are noted on the Technical Plan Design Proposal Form in this workbook. Note that items below are meant to confirm your ability to administer particular provisions in the current plan. | D13: Provide Response | E13: <Select One> | G13: =LEN(F13) -> 0
B14: =+B13+1 -> 3 | C14: Discuss how you have incorporated the ability for members to access providers in your network through telephonic/virtual visits; describe how members can access virtual frame and lens try-on | D14: Provide Response | E14: <Select One> | G14: =LEN(F14) -> 0
B15: =+B14+1 -> 4 | C15: Do members pay an additional fitting fee for contact lenses? If yes, what is the fee? | D15: Provide Response | E15: <Select One> | G15: =LEN(F15) -> 0
B16: =+B15+1 -> 5 | C16: Do your network providers accept your allowed exam fee as payment in full (i.e. no balance billing)? | D16: Provide Response | E16: <Select One> | G16: =LEN(F16) -> 0
B17: =+B16+1 -> 6 | C17: Describe your pricing formula for frames and indicate how many frames are fully covered under your plan. | D17: Provide Response | E17: <Select One> | G17: =LEN(F17) -> 0
B18: =+B17+1 -> 7 | C18: How do you determine a patient's out-of-pocket expense if they select a frame that exceeds the plans allowance? Are the extra charges based on the wholesale or retail cost of the frame? | D18: Provide Response | E18: <Select One> | G18: =LEN(F18) -> 0
B19: =+B18+1 -> 8 | C19: How do you distinguish between Standard, Custom and Premium Progressive Lenses | D19: Provide Response | E19: <Select One> | G19: =LEN(F19) -> 0
B20: =+B19+1 -> 9 | C20: Does your proposed plan(s) cover the retinal imaging? | D20: Provide Response | E20: <Select One> | G20: =LEN(F20) -> 0
B21: ~ | C21: REPORTING | G21: =LEN(F21) -> 0
B22: 10 | C22: Are all standard reports available on-line to the client's HR staff and to Bolton? | D22: Provide Response | E22: <Select One> | G22: =LEN(F22) -> 0
B23: =+B22+1 -> 11 | C23: Please indicate the frequency of standard reporting, when it will regularly be available and the format in which it is provided. | D23: Provide Response | E23: <Select One> | G23: =LEN(F23) -> 0
B24: =B23+1 -> 12 | C24: Please confirm your standard reporting package will allow the client to do the following: | G24: =LEN(F24) -> 0
B25: a | C25: Separate reports by the group and sub-groups set up (actives, retirees, COBRA, etc.) | D25: Provide Response | E25: <Select One> | G25: =LEN(F25) -> 0
B26: b | C26: Set custom ranges for current year or historical years (e.g., month, year, 6 mos. period) | D26: Provide Response | E26: <Select One> | G26: =LEN(F26) -> 0
B27: c | C27: Separate reports at the benefit plan option level (e.g., by plan and In-Network/Out-of-Network) | D27: Provide Response | E27: <Select One> | G27: =LEN(F27) -> 0
B28: d | C28: Offeror is required to send a breakdown of all claims by account, branch, and benefit option in a downloadable excel format within 2 business days of the end of the month. Confirm you can meet this requirement. | D28: Provide Response | E28: <Select One> | G28: =LEN(F28) -> 0
B29: e | C29: All claims and invoices must be in a downloadable excel format. | D29: Provide Response | E29: <Select One> | G29: =LEN(F29) -> 0
B30: =1+B24 -> 13 | C30: Do you provide self-service access for any ad hoc reporting available to the client and Bolton. | D30: Provide Response | E30: <Select One> | G30: =LEN(F30) -> 0
B31: =1+B30 -> 14 | C31: Do analytical reports include benchmarking against groups similar in size, plan design, utilization and risk? | D31: Provide Response | E31: <Select One> | G31: =LEN(F31) -> 0
B32: =B31+1 -> 15 | C32: What analytical tools, reports and resources will be provided to the client to enable future strategic decision making about benefits, plan designs, contribution strategy, products, wellness and health management initiatives? | D32: Provide Response | E32: <Select One> | G32: =LEN(F32) -> 0
B33: ~ | C33: NETWORK AND PROVIDERS | G33: =LEN(F33) -> 0
B34: =B32+1 -> 16 | C34: How often are your providers re-credentialed? | D34: Provide Response | E34: <Select One> | G34: =LEN(F34) -> 0
B35: =+B34+1 -> 17 | C35: How often are providers evaluated for cost, utilization, clinical outcomes, member satisfaction, adherence to standards, appropriate use of services, billing accuracy, etc.? | D35: Provide Response | E35: <Select One> | G35: =LEN(F35) -> 0
B36: =B35+1 -> 18 | C36: Is an on-site pre-contractual audit routinely conducted? | D36: Provide Response | E36: <Select One> | G36: =LEN(F36) -> 0
B37: =B36+1 -> 19 | C37: What is the frequency of provider interviews? Are these in person, or virtual/telephonic? | D37: Provide Response | E37: <Select One> | G37: =LEN(F37) -> 0
B38: =B37+1 -> 20 | C38: How do you deal with providers who are not meeting your standards? | D38: Provide Response | E38: <Select One> | G38: =LEN(F38) -> 0
B39: =B38+1 -> 21 | C39: What percentage of providers are not taking new patients? | D39: Provide Response | E39: <Select One> | G39: =LEN(F39) -> 0
B40: =B39+1 -> 22 | C40: What percentage of providers are taking new patients? | D40: Provide Response | E40: <Select One> | G40: =LEN(F40) -> 0
B41: =B40+1 -> 23 | C41: Are you willing to proactively recruit and add providers in areas where geo access results are not optimal for the client's population starting prior to the effective date of this coverage? Briefly describe your recruitment process. | D41: Provide Response | E41: <Select One> | G41: =LEN(F41) -> 0
B42: =B41+1 -> 24 | C42: What is your success rate with recruiting new providers in areas where the access is low? | D42: Provide Response | E42: <Select One> | G42: =LEN(F42) -> 0
B43: =+B42+1 -> 25 | C43: What steps are being taken to reduce out-of-network utilization in your plans? | D43: Provide Response | E43: <Select One> | G43: =LEN(F43) -> 0
B44: =B43+1 -> 26 | C44: Verify that you have a “hold harmless” agreement that prohibits providers from billing more than the plan’s designated coinsurance or copayment. | D44: Provide Response | E44: <Select One> | G44: =LEN(F44) -> 0
B45: =B44+1 -> 27 | C45: Please identify situations in which employees can or will be balance billed for in-network services. | D45: Provide Response | E45: <Select One> | G45: =LEN(F45) -> 0
B46: =B45+1 -> 28 | C46: Describe your criteria and process for network provider selection. | D46: Provide Response | E46: <Select One> | G46: =LEN(F46) -> 0
B47: =B46+1 -> 29 | C47: Describe your process for training providers on individual client's benefit plan, and discussion of upselling/charging practices for member experience | D47: Provide Response | E47: <Select One> | G47: =LEN(F47) -> 0
B48: ~ | C48: WELLNESS/INNOVATIVE SOLUTIONS | G48: =LEN(F48) -> 0
B49: =B47+1 -> 30 | C49: Describe any cost/utilization management and wellness programs you offer that you feel differentiate you from other vision plans. | D49: Provide Response | E49: <Select One> | G49: =LEN(F49) -> 0
B50: =B49+1 -> 31 | C50: How do you contact/incent members to get their annual exams? Can you send reminders to high-risk individuals? | D50: Provide Response | E50: <Select One> | G50: =LEN(F50) -> 0
B51: =+B50+1 -> 32 | C51: Describe your approach to myopia management as well as diabetes care programs. | D51: Provide Response | E51: <Select One> | G51: =LEN(F51) -> 0
B52: =+B51+1 -> 33 | C52: Are you able to transfer data to third parties for the purpose of medical disease management services? | D52: Provide Response | E52: <Select One> | G52: =LEN(F52) -> 0
B53: =+B52+1 -> 34 | C53: Do you offer online, in-network options for purchasing contact lenses and glasses? List the sites members have access to purchase online in-network benefits with the ability to use benefits online at the point of sale. | D53: Provide Response | E53: <Select One> | G53: =LEN(F53) -> 0
B54: =B53+1 -> 35 | C54: Do members have the ability to try on other frames and use in-network benefits online to cover or offset the cost? | D54: Provide Response | E54: <Select One> | G54: =LEN(F54) -> 0
B55: =B54+1 -> 36 | C55: What is the cost to purchase blue light filtering lenses or coatings? | D55: Provide Response | E55: <Select One> | G55: =LEN(F55) -> 0
B56: =B55+1 -> 37 | C56: Describe how members can use your website to search for providers offering special offers | D56: Provide Response | E56: <Select One> | G56: =LEN(F56) -> 0
B57: =B56+1 -> 38 | C57: Do you provide targeted communications to engage members to get annual eye exams? Please describe what a typical client campaign would include, and identify targeted audiences. | D57: Provide Response | E57: <Select One> | G57: =LEN(F57) -> 0
B58: =B57+1 -> 39 | C58: Over the last few years, vision plans have made the connection between eye health and overall wellness. What has your organization done to create a better health experience for members and how do you specifically assist employers in the management of chronic conditions? Provide details around your ongoing efforts, outline any related partnerships and associated outcomes. | D58: Provide Response | E58: <Select One> | G58: =LEN(F58) -> 0
B59: =B58+1 -> 40 | C59: Briefly describe the unique programs, systems, or support that you will make available to the client. Cite specific examples of how these have brought value to a group of similar size and structure to the client. | D59: Provide Response | E59: <Select One> | G59: =LEN(F59) -> 0

Sheet TF 2.0 VIS GEO
B1: =INPUT!$C$3 -> Albemarle
B2: =INPUT!$D$11 -> RFP#<######>
B3: =INPUT!$C$23 -> Vision
B4: =INPUT!F45 -> Technical Proposal Form 2.0 - Vision Geo Access
B6: VISION GEO ACCESS
B7: BASED ON ALL IN-NETWORK PROVIDERS
B8: This sheet is designed for you to provide data regarding the geographic access you are proposing. Please complete this form and provide a complete GEO ACCESS Report for the defined standards in the RFP. Complete a separate tab for each network you are quoting.
B10: Please provide the unique provider counts within the designated geo-access area for your proposed network. Each provider may only be counted ONE time, regardless of the number of office locations.
B12: Bidder Name | C12: ='Instructions & Info'!$C$57 -> 0
B15: <Enter Proposed Network> | C15: Number of Subscribers | D15: =INPUT!D124 -> 2580 | E15: =INPUT!$C$3 -> Albemarle
B16: Provider Type | C16: # of Providers and Distance from Residence | D16: Subscribers Matched | E16: % Match | F16: Subscribers Not Matched | G16: # of Unique Providers | H16: # of Unique Locations
B17: Opticians | C17: 1 in 10 miles | E17: =D17/D$15 -> 0 | F17: =D$15-D17 -> 2580
B18: Optometrists | C18: 1 in 10 miles | E18: =D18/D$15 -> 0 | F18: =D$15-D18 -> 2580
B19: Ophthalmologists | C19: 1 in 10 miles | E19: =D19/D$15 -> 0 | F19: =D$15-D19 -> 2580
E20: =D20/D$15 -> 0 | F20: =D$15-D20 -> 2580
B21: Total Provider Turnover Rate - Optometrists (For Prior CY)
B22: % of Licensed Providers Contracted with Your Network

Sheet TF 3.0 VIS by County
B1: =INPUT!$C$3 -> Albemarle
B2: =INPUT!$D$11 -> RFP#<######>
B3: =INPUT!$C$23 -> Vision
B4: =INPUT!F46 -> Technical Proposal Form 3.0 - Vision Providers by County
B6: VISION PLAN NETWORK PROVIDERS BY COUNTY
B7: Please list the total number of providers in each County under each specialty. Each provider may only be counted ONE time per County, regardless of the number of offices maintained in that County. Providers can be counted more than once, if they have multiple county locations.
B10: Bidder Name | C10: ='Instructions & Info'!$C$57 -> 0
B13: COUNTY | C13: Optician | D13: Optometrist | E13: Ophthalmologist | F13: Retail Stores
B14: <Enter Primary Proposed Network>
B15: =INPUT!C107 -> Albemarle, VA
B16: =INPUT!D107 -> Fluvana, VA
B17: =INPUT!E107 -> Greene, VA
B18: =INPUT!F107 -> Orange, VA
B19: =INPUT!G107 -> Waynesboro, VA
B20: =INPUT!H107 -> Nelson, VA
B21: =INPUT!I107 -> Augusta, VA
B26: COUNTY | C26: Optician | D26: Optometrist | E26: Ophthalmologist | F26: Retail Stores
B27: <Enter Secondary Proposed Network>
B28: =B15 -> Albemarle, VA
B29: =B16 -> Fluvana, VA
B30: =B17 -> Greene, VA
B31: =B18 -> Orange, VA
B32: =B19 -> Waynesboro, VA
B33: =B20 -> Nelson, VA
B34: =B21 -> Augusta, VA

Sheet TF 4.0 VIS Top Providers
B1: =INPUT!$C$3 -> Albemarle
B2: =INPUT!$D$11 -> RFP#<######>
B3: =INPUT!$C$23 -> Vision
B4: =INPUT!F48 -> Technical Proposal Form 4.0 - Top Vision Providers
B6: Top Providers Utilized
B7: Indicate whether or not the provider is in your network by placing a "Y" for YES or "N" for NO in the Network column.
B8: Only respond for providers in the network included in this proposal. | I8: Bidder Name | J8: ='Instructions & Info'!$C$57 -> 0
I10: Network Name: | J10: <Enter Proposed Network> | M10: <Enter Proposed Network 2>
B11: Provider Tax ID | C11: National Provider Identifier (NPI) | D11: Provider Name | E11: Address 1 | F11: City | G11: State | H11: Zip | I11: Filler | J11: In-Network? (Yes/No) | K11: Taking New Patients? | L11: Filler2 | M11: In-Network? (Yes/No)3 | N11: Taking New Patients?4
B12: 870571643 | C12: 1225373640 | D12: 1-800 Contacts Inc | E12: 66 E Wadsworth Park Dr | F12: Draper | G12: UT | H12: 84020
B13: 870571643 | C13: 1225373640 | D13: 1-800 Contacts Inc | E13: 66 E Wadsworth Park Dr | F13: Draper | G13: UT | H13: 84020
B14: 464751197 | C14: 1972271708 | D14: Abdul Ali A Farzana | E14: 7367 Atlas Walk Way | F14: Gainesville | G14: VA | H14: 20155
B15: 541738160 | C15: 1861473050 | D15: Adam B Erdal | E15: 1500 Commerce Rd | F15: Staunton | G15: VA | H15: 24401
B16: 541738160 | C16: 1861473050 | D16: Adam B Erdal | E16: 4000 Luxottica Pl | F16: Mason | G16: OH | H16: 45040
B17: 541738160 | C17: 1861473050 | D17: Adam B Erdal | E17: 425 S Linden Ave | F17: Waynesboro | G17: VA | H17: 22980
B18: 471396663 | C18: 1053002337 | D18: Ahmed Muhammad | E18: 8125 Timberlake Rd | F18: Lynchburg | G18: VA | H18: 24502
B19: 464751197 | C19: 1548736754 | D19: Ali M Mehwish | E19: 2159 Barracks Rd | F19: Charlottesville | G19: VA | H19: 22903
B20: 581910859 | C20: 1215258157 | D20: Americas Best | E20: 1824 Rio Hill Center | F20: Charlottesville | G20: VA | H20: 22901
B21: 581910859 | C21: 1215258157 | D21: Americas Best | E21: 1824 Rio Hill Center | F21: Charlottesville | G21: VA | H21: 22901
B22: 581910859 | C22: 1215258157 | D22: Americas Best | E22: 49 Lee Jackson Hwy | F22: Staunton | G22: VA | H22: 24401
B23: 581910859 | C23: 1215258157 | D23: Americas Best | E23: 49 Lee Jackson Hwy | F23: Staunton | G23: VA | H23: 24401
... B317: 822106608 | C317: 1396129763 | D317: Zarella J Anthony | E317: 1430 Rolkin Ct | F317: Charlottesville | G317: VA | H317: 22911

Sheet TF 5.0 VIS Plan Design
B1: =INPUT!$C$3 -> Albemarle
B2: =INPUT!$D$11 -> RFP#<######>
B3: =INPUT!$C$23 -> Vision
B4: =INPUT!F49 -> Technical Proposal Form 5.0 - Proposed Vision Plan Design
B6: List all plan design deviations as well as any additional deviations not shown on this summary
B8: If you are matching the current benefit, choose "Matched" from the dropdown under the "Response" column, otherwise input the benefit deviation with an explanation under the "Explanation" column.
B10: Plan Designs - Current and Proposed Deviations to administer
E12: Bidder Name | F12: ='Instructions & Info'!$C$57 -> 0
B14: Plan Name | D14: =INPUT!D112 -> BlueView Vision | F14: Proposed Plan Deviations | K14: =INPUT!F112 -> Vision Embedded | M14: Proposed Plan Deviations | R14: =INPUT!$H$112 -> Plan C | T14: Proposed Plan Deviations | Y14: =INPUT!$J$112 -> Plan D | AA14: Proposed Plan Deviations
B15: Funding | D15: =INPUT!$D$113 -> Self-Insured | F15: =D15 -> Self-Insured | K15: =INPUT!$F$113 -> Self-Insured | M15: =K15 -> Self-Insured | R15: =INPUT!$H$113 -> Fully-Insured | T15: =R15 -> Fully-Insured | Y15: =INPUT!$J$113 -> Fully-Insured | AA15: =Y15 -> Fully-Insured
B16: Provider Network | D16: BlueView Vision | E16: BlueView | F16: <Enter Proposed Network> | M16: <Enter Proposed Network> | T16: <Enter Proposed Network> | AA16: <Enter Proposed Network>
B17: In-Network (IN) / Out-of-Network (OUT) | D17: IN | E17: OUT | F17: IN-NETWORK | H17: OUT-OF-NETWORK | K17: IN | L17: OUT | M17: IN-NETWORK | O17: OUT-OF-NETWORK | R17: IN | S17: OUT | T17: IN-NETWORK | V17: OUT-OF-NETWORK | Y17: IN | Z17: OUT | AA17: IN-NETWORK | AC17: OUT-OF-NETWORK
B18: Frequency
B19: Exams | D19: Once Every 12 months | F19: =D19 -> Once Every 12 months | M19: =K19 -> 0 | T19: =R19 -> 0 | AA19: =Y19 -> 0
B20: Lenses or Contacts | D20: Once Every 12 months | F20: =D20 -> Once Every 12 months | M20: =K20 -> 0 | T20: =R20 -> 0 | AA20: =Y20 -> 0
B21: Frames | D21: Once Every 24 months | F21: =D21 -> Once Every 24 months | M21: =K21 -> 0 | T21: =R21 -> 0 | AA21: =Y21 -> 0
B22: SERVICES / MATERIALS | E22: Max Reimbursment | F22: RESPONSE | G22: DEVIATION EXPLANATION | H22: RESPONSE | I22: DEVIATION EXPLANATION | K22: IN | L22: OUT | M22: RESPONSE | N22: DEVIATION EXPLANATION | O22: RESPONSE | P22: DEVIATION EXPLANATION | R22: IN | S22: OUT | T22: RESPONSE | U22: DEVIATION EXPLANATION | V22: RESPONSE | W22: DEVIATION EXPLANATION | Y22: IN | Z22: OUT | AA22: RESPONSE | AB22: DEVIATION EXPLANATION | AC22: RESPONSE | AD22: DEVIATION EXPLANATION
B23: Eye Exam | D23: 10 | E23: 42
B24: Materials (lenses, frames, or contact lenses) | D24: 20 | E24: 210
B25: Retinal Imaging | D25: 39 | E25: N/A
B26: FRAMES | E26: Max Reimbursment | F26: RESPONSE | G26: DEVIATION EXPLANATION | H26: RESPONSE | I26: DEVIATION EXPLANATION | M26: RESPONSE | N26: DEVIATION EXPLANATION | O26: RESPONSE | P26: DEVIATION EXPLANATION | T26: RESPONSE | U26: DEVIATION EXPLANATION | V26: RESPONSE | W26: DEVIATION EXPLANATION | AA26: RESPONSE | AB26: DEVIATION EXPLANATION | AC26: RESPONSE | AD26: DEVIATION EXPLANATION
B27: Standard | D27: $130 allowed, 20% discount | E27: 45
B28: Featured Brands | D28: N/A | E28: N/A
B29: LENSES (SPECTACLE) | E29: Max Reimbursment | F29: RESPONSE | G29: DEVIATION EXPLANATION | H29: RESPONSE | I29: DEVIATION EXPLANATION | M29: RESPONSE | N29: DEVIATION EXPLANATION | O29: RESPONSE | P29: DEVIATION EXPLANATION | T29: RESPONSE | U29: DEVIATION EXPLANATION | V29: RESPONSE | W29: DEVIATION EXPLANATION | AA29: RESPONSE | AB29: DEVIATION EXPLANATION | AC29: RESPONSE | AD29: DEVIATION EXPLANATION
B30: Single Vision | D30: 20 | E30: 40
B31: Bi-Focal | D31: 20 | E31: 60
B32: Tri-Focal | D32: 20 | E32: 80
B33: Lenticular | D33: N/A | E33: N/A
B34: Standard Progressive Lens | D34: 55 | E34: N/A
B35: Premium Progressive Lens | E35: N/A
B36: Tier 1 | D36: 85 | E36: N/A
B37: Tier 2 | D37: 95 | E37: N/A
B38: Tier 3 | D38: 110 | E38: N/A
B39: Tier 4 | D39: 175 | E39: N/A
B40: LENS ENHANCEMENTS | F40: RESPONSE | G40: DEVIATION EXPLANATION | H40: RESPONSE | I40: DEVIATION EXPLANATION | M40: RESPONSE | N40: DEVIATION EXPLANATION | O40: RESPONSE | P40: DEVIATION EXPLANATION | T40: RESPONSE | U40: DEVIATION EXPLANATION | V40: RESPONSE | W40: DEVIATION EXPLANATION | AA40: RESPONSE | AB40: DEVIATION EXPLANATION | AC40: RESPONSE | AD40: DEVIATION EXPLANATION
B41: UV Treatment | D41: 15 | E41: N/A
B42: Tint (Solid and Gradient) | D42: 15 | E42: N/A
B43: Standard Plastic Scratch Coating | D43: No Charge | E43: N/A
B44: Standard Polycarbonate- Adults | D44: 40 | E44: N/A
B45: Standard Polycarbonate- Kids under 19 | D45: No Charge | E45: N/A
B46: Standard Anti-Reflective Coating | D46: 45 | E46: N/A
B47: Premium Anti-Reflective Coating | E47: N/A
B48: Tier 1 | D48: 57 | E48: N/A
B49: Tier 2 | D49: 68 | E49: N/A
B50: Tier 3 | D50: 85 | E50: N/A
B51: Photochromic/ Transitions Plastic | D51: 75 | E51: N/A
B52: Polarized | D52: 20% discount | E52: N/A
B53: Other Add-Ons and Services | D53: 20% discount | E53: N/A
B54: CONTACT LENS FIT & FOLLOW-UP | F54: RESPONSE | G54: DEVIATION EXPLANATION | H54: RESPONSE | I54: DEVIATION EXPLANATION | M54: RESPONSE | N54: DEVIATION EXPLANATION | O54: RESPONSE | P54: DEVIATION EXPLANATION | T54: RESPONSE | U54: DEVIATION EXPLANATION | V54: RESPONSE | W54: DEVIATION EXPLANATION | AA54: RESPONSE | AB54: DEVIATION EXPLANATION | AC54: RESPONSE | AD54: DEVIATION EXPLANATION
B55: Standard Contact Lens Fit & Follow-Up | D55: 0 | E55: 35
B56: Premium Contact Lens Fit & Follow-Up | D56: $55 allowed, 10% discount | E56: 35
B57: CONTACT LENSES | F57: RESPONSE | G57: DEVIATION EXPLANATION | H57: RESPONSE | I57: DEVIATION EXPLANATION | M57: RESPONSE | N57: DEVIATION EXPLANATION | O57: RESPONSE | P57: DEVIATION EXPLANATION | T57: RESPONSE | U57: DEVIATION EXPLANATION | V57: RESPONSE | W57: DEVIATION EXPLANATION | AA57: RESPONSE | AB57: DEVIATION EXPLANATION | AC57: RESPONSE | AD57: DEVIATION EXPLANATION
B58: Conventional | D58: $130 allowed, 15% discount | E58: 105
B59: Elective | D59: $130 allowed, 15% discount | E59: 105
B60: Disposable | D60: 130 | E60: 105
B61: Medically Necessary | D61: No Charge | E61: 210
B62: ADDITIONAL BENEFITS | F62: RESPONSE | G62: DEVIATION EXPLANATION | H62: RESPONSE | I62: DEVIATION EXPLANATION | M62: RESPONSE | N62: DEVIATION EXPLANATION | O62: RESPONSE | P62: DEVIATION EXPLANATION | T62: RESPONSE | U62: DEVIATION EXPLANATION | V62: RESPONSE | W62: DEVIATION EXPLANATION | AA62: RESPONSE | AB62: DEVIATION EXPLANATION | AC62: RESPONSE | AD62: DEVIATION EXPLANATION
B63: Laser Vision Discount | D63: N/A | E63: N/A
B64: Add'l Materials Discount | D64: 20% discount | E64: N/A
B65: Hearing Care
B66: Hearing Health Care Discount | D66: N/A | E66: N/A

Sheet TF 6.0 VIS Retail Chains
B1: =INPUT!$C$3 -> Albemarle
B2: =INPUT!$D$11 -> RFP#<######>
B3: =INPUT!$C$23 -> Vision
B4: =INPUT!F50 -> Technical Proposal Form 6.0 - Large Retail Chains - Vision
B7: Large Provider Chain Network Participation
B8: Which of the following major vision provider chains, if any, are included in your network?
B9: National/Regional Chains In Network
B11: Bidder Name | C11: ='Instructions & Info'!$C$57 -> 0
B13: Network Name: | C13: <Enter Proposed Network> | D13: <Enter Proposed Network Secondary> | E13: Explanation of "some locations" (100 character limit)
B15: America's Best | C15: Select One | D15: Select One
B16: Chesapeake Eye Care & Laser Center | C16: Select One | D16: Select One
B17: Cohen's Fashion Optical | C17: Select One | D17: Select One
B18: Costco | C18: Select One | D18: Select One
B19: CVS | C19: Select One | D19: Select One
B20: Eyecare Partners | C20: Select One | D20: Select One
B21: EyeGlass World | C21: Select One | D21: Select One
B22: EyeMasters | C22: Select One | D22: Select One
B23: For Eyes (GrandVision) | C23: Select One | D23: Select One
B24: For Eyes Optical | C24: Select One | D24: Select One
B25: Hour Eyes | C25: Select One | D25: Select One
B26: JCPenney Optical | C26: Select One | D26: Select One
... B41: Warby Parker | C41: Select One | D41: Select One
B42: % of Providers that are private practicing (not a chain provider)

Sheet TF 11.0 Deviations
B1: =INPUT!$C$3 -> Albemarle
B2: =INPUT!$D$11 -> RFP#<######>
B3: =INPUT!$C$23 -> Vision
B4: =INPUT!F40 -> Technical Proposal Form 11.0 - Deviations
B7: All deviations to the current plans arrangements, programs, specifications, etc. must be noted on this proposal form.
D9: Bidder Name | E9: ='Instructions & Info'!$C$57 -> 0
B11: Form / Section | C11: Item # | D11: Description | E11: Deviations

Sheet TF 12.0 Key Diff
B1: =INPUT!$C$3 -> Albemarle
B2: =INPUT!$D$11 -> RFP#<######>
B3: =INPUT!$C$23 -> Vision
B4: =INPUT!F41 -> Technical Proposal Form 12.0 - Key Differentiators
B6: Please note any capabilities or offerings specific to your organization that are beneficial to your book of business.
B9: Bidder Name | C9: ='Instructions & Info'!$C$57 -> 0
B11: # | C11: KEY DIFFERENTIATORS

Sheet TF 13.0 REF
B1: =INPUT!$C$3 -> Albemarle
B2: =INPUT!$D$11 -> RFP#<######>
B3: =INPUT!$C$23 -> Vision
B4: =INPUT!F42 -> Technical Proposal Form 13.0 - References
B7: References
B8: Provide three (3) current and one (1) former clients of similar size for whom you provide administration for the benefit plans you are quoting. Provide requested references of similar sized contracts serviced during the past eighteen (18) months.
C10: Bidder Name | D10: ='Instructions & Info'!$C$57 -> 0
B11: Current Client References
B12: 1 | C12: Client Name
B13: a | C13: City / State
B14: b | C14: Contact Name(s)
B15: c | C15: Title
B16: d | C16: Number of Years Since Implementation
B17: e | C17: Number of Covered Lives
B18: f | C18: Contact Email Address
B19: g | C19: Contact Phone Number
B20: h | C20: List Services Provided (applicable to RFP)
B22: =1+B12 -> 2 | C22: Client Name
B23: a | C23: City / State
B24: b | C24: Contact Name(s)
B25: c | C25: Title
B26: d | C26: Number of Years Since Implementation
B27: e | C27: Number of Covered Lives
B28: f | C28: Contact Email Address
B29: g | C29: Contact Phone Number
B30: h | C30: List Services Provided (applicable to RFP)
B32: =1+B22 -> 3 | C32: Client Name
B33: a | C33: City / State
B34: b | C34: Contact Name(s)
B35: c | C35: Title
B36: d | C36: Number of Years Since Implementation
B37: e | C37: Number of Covered Lives
B38: f | C38: Contact Email Address
B39: g | C39: Contact Phone Number
B40: h | C40: List Services Provided (applicable to RFP)
B42: Former Client References
B43: 1 | C43: Client Name
B44: a | C44: City / State
B45: b | C45: Contact Name(s)
B46: c | C46: Title
B47: d | C47: Number of Years Since Termination
B48: e | C48: Number of Covered Lives
B49: f | C49: Contact Email Address
B50: g | C50: Contact Phone Number
B51: h | C51: List Services Provided (applicable to RFP)
B52: i | C52: Reason for Termination
